 Dungeon Crawl Stone Soup version 0.29-a0-925-g0a7a3d12f8 (webtiles) character file.

Game seed: 2417815209501878428

83 Araneus the Cutter (level 4, -1/29 HPs)
             Began as an Octopode Warper on July 12, 2022.
             Slain by an orc
             ... wielding a +0 flail
              (5 damage)
             ... on level 3 of the Dungeon on July 29, 2022.
             The game lasted 00:10:35 (3125 turns).

Araneus the Cutter (Octopode Warper)                Turns: 3125, Time: 00:10:35

Health: -1/29      AC:  2    Str: 10    XL:     4   Next: 44%
Magic:  3/8        EV: 13    Int: 15    God:
Gold:   206        SH:  0    Dex: 13    Spells: 3/8 levels left

rFire   . . .      SeeInvis .   a - +0 short sword
rCold   . . .      Faith    .   (no shield)
rNeg    . . .      Spirit   .   e - +1 hat
rPois   +          Reflect  .   (no amulet)
rElec   .          Harm     .   f - ring of poison resistance
rCorr   .          Rampage  .   (no ring)
Will    .....                   (no ring)
Stlth   ++........              (no ring)
HPRegen 0.09/turn               (no ring)
MPRegen 0.11/turn               (no ring)
                                (no ring)
                                (no ring)

@: very slightly contaminated
A: almost no armour, amphibious, 8 rings, camouflage 1, gelatinous body 1,
(nimble swimmer 1), tentacles
a: no special abilities


You were on level 3 of the Dungeon.
You visited 1 branch of the dungeon, and saw 4 of its levels.

You collected 206 gold pieces.

Inventory:

Hand Weapons
 a - a +0 short sword (weapon)
Missiles
 c - 7 boomerangs of dispersal (quivered)
 n - a throwing net
Armour
 e - a +1 hat (worn)
Jewellery
 f - a ring of poison resistance (left tentacle)
 k - a ring of magical power
 p - a +4 ring of slaying
Scrolls
 b - a scroll of blinking
 d - 6 scrolls of identify {unknown}
 g - a scroll of amnesia {unknown}
 h - a scroll of enchant weapon {unknown}
 m - 2 scrolls of fog {unknown}
 q - a scroll of poison {unknown}
 r - 2 scrolls of torment {unknown}
Potions
 i - 2 potions of mutation {unknown}
 j - a potion of berserk rage {unknown}
 l - a potion of invisibility {unknown}
 o - a potion of heal wounds {unknown}


   Skills:
 - Level 2.0 Fighting
 * Level 3.5 Short Blades
 - Level 1.0 Throwing
 - Level 2.3 Dodging
 + Level 2.8 Spellcasting
 * Level 1.0 Conjurations
 - Level 3.0 Translocations
 * Level 0.1 Ice Magic
 * Level 0.6 Air Magic


You had 3 spell levels left.
You knew the following spells:

 Your Spells              Type           Power      Damage    Failure   Level
a - Blink                 Tloc           22%        N/A       9%          2
b - Shock                 Conj/Air       16%        1d4       14%         1
c - Ensorcelled Hibernat  Hex/Ice        4%         N/A       30%         2

Your spell library contained the following spells:

 Spells                   Type           Power      Damage    Failure   Level
 Gell's Gravitas          Tloc           11%        N/A       19%         3
 Lesser Beckoning         Tloc           11%        N/A       19%         3
 Teleport Other           Tloc           11%        N/A       19%         3
 Swiftness                Air            3%         N/A       43%         3
 Spider Form              Tmut/Pois      2%         N/A       52%         3
 Airstrike                Air            1%         0-2+      85%         4
 Manifold Assault         Tloc           11%        N/A       86%         5
 Anguish                  Hex/Necr       1%         N/A       90%         4


Dungeon Overview and Level Annotations

Branches:
Dungeon (4/15)
 Temple: D:4-7

Altars:


Innate Abilities, Weirdness & Mutations

You cannot wear most types of armour.
You are amphibious.
You can wear up to eight rings at the same time.
Your skin changes colour to match your surroundings (Stealth+).
Your rubbery body absorbs attacks. (AC +1, EV +1)
((You are camouflaged when in or above water. (Stealth+)))
You have tentacles for arms and can constrict up to eight enemies at once.


Message History

The zap hits the orc.
The orc is heavily wounded.
The zap hits the orc.
You kill the orc!
The zap hits the orc.
The orc is heavily wounded.
The orc hits you with a +0 flail!
* * * LOW HITPOINT WARNING * * *
Your Conjurations skill increases to level 1!
Casting: Shock (safe; 14% risk of failure)
Confirm with . or Enter, or press ? or * to list all spells.
Aiming: Shock (safe; 14% risk of failure)
Press: ? - help, Shift-Dir - straight line, f/p - orc
Aim: an orc, wielding a +0 flail and wearing a +0 scale mail (heavily wounded, 69% to hit)
The zap hits the orc.
The orc is heavily wounded.
The zap hits the orc.
You kill the orc!
The orc barely misses you.
Casting: Shock (safe; 14% risk of failure)
Confirm with . or Enter, or press ? or * to list all spells.
Aiming: Shock (safe; 14% risk of failure)
Press: ? - help, Shift-Dir - straight line, f/p - orc
Aim: an orc, wielding a +0 flail and wearing a +0 scale mail (heavily wounded, 69% to hit)
You miscast Shock.
You are very lightly contaminated with residual magic.
Nothing appears to happen.
The orc barely misses you.
Casting: Shock (safe; 14% risk of failure)
Confirm with . or Enter, or press ? or * to list all spells.
Aiming: Shock (safe; 14% risk of failure)
Press: ? - help, Shift-Dir - straight line, f/p - orc
Aim: an orc, wielding a +0 flail and wearing a +0 scale mail (heavily wounded, 69% to hit)
You miscast Shock.
Nothing appears to happen.
The orc misses you.
You hit the orc but do no damage. Your grab misses the orc.
You squeeze the orc, but do no damage.
The orc is heavily wounded.
You barely miss the orc. Your grab misses the orc.
The orc is heavily wounded.
The orc hits you with a +0 flail.
You die...

########### ###.........#
##...#######.##### #.....####
#.....########
#........###............#
#..>..##.........######.##
##...#######.....# #....
##..#######....<# #..## #
#....)o@...#.### #..# ##
#..######.##.# ####..## .### #..#
#.##'## #....... ...#######[.####
#.#...###.##.### ≈≈...#.........#
######.#...#.### ≈......####..#.#
###............
PP≈..#.###...#.####).##..#.......
≈PP..............#[###.#..#......
≈≈PP...###...########.#.#........


You could see an orc.

Vanquished Creatures
  A gnoll (D:1)
  2 adders
  4 dart slugs
  3 orcs (D:3)
  5 ball pythons
  An endoplasm (D:3)
  5 giant cockroaches
  6 goblins
  3 hobgoblins
  2 quokkas
  4 bats
  3 frilled lizards
  A kobold (D:3)
  4 rats
44 creatures vanquished.

Notes
Turn   | Place    | Note
-------+----------+-------------------------------------------
     0 | D:1      | Araneus the Octopode Warper began the quest for the Orb.
     0 | D:1      | Reached XP level 1. HP: 14/14 MP: 3/3
   377 | D:1      | Reached XP level 2. HP: 19/19 MP: 5/5
   380 | D:1      | Learned a level 2 spell: Blink
   404 | D:1      | Learned a level 1 spell: Shock
   518 | D:1      | Found a faded altar of an unknown god.
   935 | D:1      | Reached XP level 3. HP: 8/24 MP: 0/6
  2105 | D:3      | Upgraded the game from 0.29-a0-830-gcb1280458a to
                  | 0.29-a0-925-g0a7a3d12f8
  2207 | D:3      | Reached XP level 4. HP: 22/29 MP: 8/8
  2416 | D:3      | Learned a level 2 spell: Ensorcelled Hibernation
  3121 | D:3      | Reached skill level 1 in Conjurations
  3125 | D:3      | Slain by an orc

Illustrated notes

Levels and vault maps discovered:
D:1:      dpeg_arrival_rooms_a, layout_basic, chequers_ecumenical_altar_twisty,
          serial_glass, glass_columns_c, glass_columns_c, glass_columns_b,
          item_on_display_a, feat_on_display, chequers_serial_rivers_marsh
D:2:      layout_rooms
D:3:      layout_loops_corners, chequers_big_river, minmay_increasing_density
D:4:      layout_loops_ring, mainiacjoe_overflow_boulevard

Skill      XL: |  1  2  3  4 |
---------------+-------------+-----
Short Blades   | 3 |  3.5
Conjurations   | 1 |  1.0
Fighting       | |  2.0
Throwing       | |  1.0
Dodging        | |  2.3
Spellcasting   | |  2.8
Translocations | |  3.0
Ice Magic      | |  0.1
Air Magic      | |  0.6

Action                   |  1- 3 |  4- 6 || total
-------------------------+-------+-------++-------
Melee: Short sword       |    50 |    19 ||    69
       Tentacles         |    13 |     3 ||    16
       Constrict         |    16 |     3 ||    19
       Punch             |     1 |     1 ||     2
 Cast: Shock             |    32 |     4 ||    36
       Blink             |     2 |       ||     2
  Use: Potion            |     1 |       ||     1
 Stab: Sleeping          |     4 |     3 ||     7
Armor: Skin              |     5 |     3 ||     8
Dodge: Dodged            |    24 |    17 ||    41

Table legend: (Time is in decaauts)
 A = Elapsed time spent in this place.
 B = Non-inter-level travel time spent in this place.
 C = Inter-level travel time spent in this place.
 D = Time resting spent in this place.
 E = Time spent auto-exploring this place.
 F = Levels seen in this place.
 G = Mean time per level.
                   A        B        C        D        E       F      G
               +--------+--------+--------+--------+--------+-----+--------+
         Total |   3120 |   3032 |     88 |     56 |   2624 |   4 |  780.0 |
       Dungeon |   3120 |   3032 |     88 |     56 |   2624 |   4 |  780.0 |
               +--------+--------+--------+--------+--------+-----+--------+

Top non-repeatable levels by time:
     D:1: 1267 daAuts
     D:3: 1111 daAuts
     D:2: 736 daAuts
     D:4: 5 daAuts
